 Dungeon Crawl Stone Soup version 0.30.1-11-g7821555f0a (webtiles) character file.

Game seed: 16160344877868078792

185 SacredBeard the Grave Robber (level 5, -1/37 HPs)
             Began as a Demonspawn Necromancer on Nov 15, 2023.
             Slain by an elf zombie (5 damage)
             ... on level 4 of the Dungeon.
             The game lasted 00:07:52 (4114 turns).

SacredBeard the Grave Robber (DsNe)                 Turns: 4114, Time: 00:07:52

Health: -1/37      AC: 13    Str:  8    XL:     5   Next: 37%
Magic:  9/9        EV:  4    Int: 19    God:
Gold:   173        SH:  0    Dex: 13    Spells: 9/10 levels left

rFire   . . .        d - +1 dagger (speed)
rCold   . . .        (no shield)
rNeg    . . .        m - +3 chain mail
rPois   .            (no helmet)
rElec   .            (no cloak)
rCorr   .            i - +1 pair of gloves
SInv    .            (no boots)
Will    .....        (no amulet) Stlth
                     (no ring)
HPRegen 0.26/turn    (no ring)
MPRegen 0.11/turn

%: no passive effects
@: no status effects
A: powered by death 2
a: no special abilities


You were on level 4 of the Dungeon.
You visited 1 branch of the dungeon, and saw 4 of its levels.

You collected 173 gold pieces.

Inventory:

Hand Weapons
 a - a +2 trident of protection
 d - a +1 dagger of speed (weapon)
Missiles
 e - 8 poisoned darts
 g - 65 stones
Armour
 i - a +1 pair of gloves (worn)
 m - a +3 chain mail (worn)
Wands
 h - a wand of mindburst (15)
Scrolls
 n - a scroll of enchant armour {unknown}
 q - a scroll of fog {unknown}
 r - a scroll of fear {unknown}
Potions
 b - 3 potions of magic
 c - 2 potions of flight
 f - a potion of lignification {unknown}
 j - a potion of attraction
 k - 2 potions of degeneration
 l - 3 potions of brilliance
 o - a potion of ambrosia
 p - a potion of heal wounds {unknown}


   Skills:
 + Level 1.5 Fighting
 + Level 0.7 Throwing
 + Level 1.1 Armour
 - Level 2.0 Dodging
 + Level 2.4 Stealth
 * Level 3.1 Spellcasting
 * Level 5.3 Necromancy
 + Level 0.8 Evocations


You had 9 spell levels left.
You knew the following spells:

 Your Spells              Type           Power      Damage    Failure   Level
a - Necrotise             Necr           92%        1d8       83%         1

Your spell library contained the following spells:

 Spells                   Type           Power      Damage    Failure   Level
 Vampiric Draining        Necr           23%        2d7       99%         3
 Portal Projectile        Hex/Tloc       6%         N/A       100%        3
 Tukima's Dance           Hex            3%         N/A       100%        3
 Animate Dead             Necr           23%        N/A       100%        4
 Olgreb's Toxic Radiance  Pois           3%         N/A       100%        4
 Agony                    Necr           23%        N/A       100%        5
 Blade Hands              Tmut           1%         N/A       100%        5
 Discord                  Hex            1%         N/A       100%        8
 Ignition                 Fire           1%         3d3       100%        8


Dungeon Overview and Level Annotations

Branches:
Dungeon (4/15) Zot: 19947
 Temple: D:4-7

Altars:

Portals:
Ossuary: D:4

Annotations:
D:3 1 runed translucent door, Ivernyr's ghost, amateur FoFi


Innate Abilities, Weirdness & Mutations

You regenerate health from kills.


Message History

You completely miss the elf zombie.
The elf zombie is severely damaged.
Okay, then.
You hit the elf zombie.
The elf zombie is severely damaged.
The elf zombie hits you but does no damage.
You hit the elf zombie.
The elf zombie is severely damaged.
You hit the elf zombie.
The elf zombie is severely damaged.
The elf zombie hits you but does no damage.
You hit the elf zombie but do no damage.
The elf zombie is severely damaged.
You barely miss the elf zombie.
The elf zombie is severely damaged.
The elf zombie hits you but does no damage.
You hit the elf zombie.
The elf zombie is severely damaged.
You hit the elf zombie.
The elf zombie is severely damaged.
The elf zombie hits you but does no damage.
You hit the elf zombie.
The elf zombie is almost destroyed.
The elf zombie hits you but does no damage.
You hit the elf zombie.
The elf zombie is almost destroyed.
You barely miss the elf zombie.
The elf zombie is almost destroyed.
The elf zombie barely misses you.
You hit the elf zombie.
The elf zombie is almost destroyed.
You hit the elf zombie but do no damage.
The elf zombie is almost destroyed.
The elf zombie barely misses you.
You hit the elf zombie.
The elf zombie is almost destroyed.
You hit the elf zombie but do no damage.
The elf zombie is almost destroyed.
The elf zombie hits you.
You die...

##### #.... #....
#.... ###+#+# #....
#.'...+ ### #†...
###...###)#####....
#.@...'.#..........
#Z#+#+#.#....#.####
#∩ #.#.##.#..... ##
#'#......###.
#...#....####
#######...<##
#.##... #...##.
###..##


You could see an elf zombie.

Vanquished Creatures
  A human zombie (D:4)
  An orc wizard (D:3)
  5 adders
  3 dart slugs
  4 orcs (D:3)
  10 endoplasms
  4 giant cockroaches
  6 goblins
  6 hobgoblins
  8 kobolds
  2 quokkas
  8 ball pythons
  4 bats
  2 frilled lizards (D:2)
  An orc zombie (D:4)
  6 rats
71 creatures vanquished.

Notes
Turn   | Place    | Note
-------+----------+-------------------------------------------
     0 | D:1      | SacredBeard the Demonspawn Necromancer began the quest for
                  | the Orb.
     0 | D:1      | Reached XP level 1. HP: 13/13 MP: 3/3
    18 | D:1      | Found a faded altar of an unknown god.
   389 | D:1      | Gained mutation: You regenerate a little health from kills.
                  | [demonic ancestry]
   389 | D:1      | Reached XP level 2. HP: 19/19 MP: 1/5
  1643 | D:2      | Reached XP level 3. HP: 25/25 MP: 3/6
  1953 | D:2      | Reached skill level 1 in Fighting
  2246 | D:2      | Reached skill level 5 in Necromancy
  2368 | D:2      | Reached XP level 4. HP: 31/32 MP: 2/8
  2599 | D:3      | Found a runed translucent door.
  2602 | D:3      | Noticed Ivernyr's ghost (amateur FoFi)
  3264 | D:3      | Reached skill level 1 in Armour
  3524 | D:3      | Gained mutation: You regenerate health from kills. [demonic
                  | ancestry]
  3524 | D:3      | Reached XP level 5. HP: 36/37 MP: 9/9
  4062 | D:4      | Found a sand-covered staircase.
  4099 | D:4      | HP: 1/37 [elf zombie (6)]
  4114 | D:4      | Slain by an elf zombie

Illustrated notes

Levels and vault maps discovered:
D:1:      evilmike_arrival_crescent, layout_basic,
          chequers_ecumenical_altar_simple_redux, minmay_misc_feat_plants,
          serial_bayou_lagoon_a, minmay_misc_feat_alley
D:2:      cheibrodos_helix_gallery, layout_basic, minmay_between
D:3:      layout_loops_corners, ebering_ghost_reflecting_pool,
          minmay_crystal_water
D:4:      layout_rooms, minmay_temple_entry_statues_fountains,
          nicolae_ossuary_entry_catacombs

Skill      XL: |  1  2  3  4 |
---------------+-------------+-----
Dodging        | 2 |  2.0
Stealth        | 2 |  2.4
Fighting       | 1 |  1.5
Necromancy     | 5 |  5.3
Armour         | 1 |  1.1
Spellcasting   | 3 |  3.1
Throwing       | |  0.7
Evocations     | |  0.8

Action                     |  1- 3 |  4- 6 || total
---------------------------+-------+-------++-------
  Melee: Dagger            |     8 |   236 ||   244
         Punch             |       |     2 ||     2
   Cast: Necrotise         |    77 |     7 ||    84
    Use: Scroll            |       |     5 ||     5
 Armour: Leather armour    |     6 |       ||     6
         Chain mail        |       |   109 ||   109
  Dodge: Dodged            |    15 |    26 ||    41
